 Dungeon Crawl Stone Soup version 0.25-b1-46-gb8a1ec05df (webtiles) character file.

Game seed: 4794725319569171889

309 grindst0ne the Charmwright (level 6, -6/51 HPs)
             Began as a Gnoll Skald on June 10, 2020.
             Killed by nerve-wracking pain
             ... invoked by Menkaure
              (14 damage)
             ... on level 4 of the Dungeon.
             The game lasted 00:06:32 (4094 turns).

grindst0ne the Charmwright (Gnoll Skald)            Turns: 4094, Time: 00:06:32

Health: -6/51      AC:  6    Str: 12 (14) XL:     6   Next: 41%
Magic:  4/14       EV: 13    Int: 16 (17) God:
Gold:   195        SH:  6    Dex: 13 (14) Spells: 10/15 levels left

rFire    . . .     SeeInvis .   a - +0 hand axe
rCold    . . .     Gourm    .   r - +2 buckler
rNeg     . . .     Faith    .   l - +2 leather armour {rPois}
rPois    +         Spirit   .   (no helmet)
rElec    .         Reflect  .   (no cloak)
rCorr    .         Harm     .   u - +0 pair of gloves
MR       .....                  (no boots)
Stlth    ++........             (no amulet)
HPRegen  0.17/turn              (no ring)
MPRegen  0.14/turn              (no ring)

@: infused, singing, very slightly contaminated, invisible
A: distributed training, fangs 1, strong nose
a: no special abilities


You were on level 4 of the Dungeon.
You were hungry.

You visited 1 branch of the dungeon, and saw 4 of its levels.

You collected 195 gold pieces.

Inventory:

Hand Weapons
 a - a +0 hand axe (weapon)
Missiles
 h - 5 atropa-tipped darts (quivered)
 o - 14 poisoned darts
Armour
 l - a +2 leather armour of poison resistance (worn)
 r - a +2 buckler (worn)
 u - a +0 pair of gloves (worn)
Jewellery
 t - an uncursed ring of fire
Scrolls
 c - 2 scrolls of amnesia
 e - 3 scrolls of teleportation
 f - 4 scrolls of remove curse
 g - a scroll of identify
 i - a scroll of enchant armour {unknown}
 j - a scroll of blinking {unknown}
Potions
 k - a potion of flight
 s - a potion of heal wounds {unknown}
Comestibles
 d - 2 rations


   Skills:
 + Level 5.0 Fighting
 + Level 1.9 Short Blades
 + Level 1.9 Long Blades
 + Level 5.0 Axes
 + Level 1.9 Maces & Flails
 + Level 1.9 Polearms
 + Level 1.9 Staves
 + Level 1.9 Slings
 + Level 1.9 Bows
 + Level 1.9 Crossbows
 + Level 1.9 Throwing
 + Level 3.2 Armour
 + Level 5.0 Dodging
 + Level 1.9 Stealth
 + Level 1.9 Shields
 + Level 1.9 Unarmed Combat
 + Level 5.3 Spellcasting
 + Level 1.5 Conjurations
 + Level 1.5 Hexes
 + Level 5.6 Charms
 + Level 1.5 Summonings
 + Level 1.5 Necromancy
 + Level 1.5 Translocations
 + Level 1.5 Transmutations
 + Level 1.5 Fire Magic
 + Level 1.5 Ice Magic
 + Level 1.5 Air Magic
 + Level 1.5 Earth Magic
 + Level 1.5 Poison Magic
 + Level 2.1 Invocations
 + Level 1.9 Evocations


You had 10 spell levels left.
You knew the following spells:

 Your Spells              Type           Power        Failure   Level  Hunger
a - Infusion              Chrm           ###.         2%          1    None
b - Song of Slaying       Chrm           ###.....     3%          2    #......
c - Shroud of Golubria    Chrm/Tloc      ###...       9%          2    #......

Your spell library contained the following spells:

 Spells                   Type           Power        Failure   Level  Hunger
 Ozocubu's Armour         Chrm/Ice       ###.....     17%         3    ###....
 Spectral Weapon          Hex/Chrm       ###.....     17%         3    ###....


Dungeon Overview and Level Annotations

Branches:
Dungeon (4/15)
 Temple: D:4-7

Altars:
Nemelex Xobeh
Uskayaw

Annotations:
D:3 exclusion: downstairs
D:4 Menkaure


Innate Abilities, Weirdness & Mutations

Your experience applies equally to all skills.
You have very sharp teeth.
Your uncanny sense of smell can sniff out nearby items.


Message History

Menkaure hits you!
You closely miss Menkaure.
Menkaure is lightly damaged.
You block Menkaure's attack. Menkaure hits you but does no damage.
You closely miss Menkaure.
Menkaure is lightly damaged.
Menkaure hits you!!
Your shroud falls apart!
You completely miss Menkaure. Menkaure hits you!
* * * LOW HITPOINT WARNING * * *
It was a potion of invisibility.
You fade into invisibility!
Menkaure barely misses you.
You are very lightly contaminated with residual magic.
It was a potion of degeneration.
There was something very wrong with that liquid.
You feel weakened.
You feel dopey.
You feel clumsy.
Menkaure points at you and mumbles some strange words.
Pain shoots through your body!
You die...

####### #.....#
#.###.#
..##########.# #.#
.
..........M@....#
#.# .
#.....#.#.#######
#.####### #.
#.........##
#.#.>...#
∆#)##..8...#...
#.#.....#
##............#
#.......#
.........(.#.###.#
###.<...#
#ZMZ..#......#.#
#.....#
#.###......#.#
###.###
#.........P..# #.#


You could see Menkaure (fast).

Vanquished Creatures
  2 centaur skeletons (D:4)
  A worker ant (D:4)
  A killer bee zombie (D:2)
  A hound skeleton (D:4)
  A howler monkey zombie (D:4)
  4 adders
  A gnoll (D:1)
  An ooze (D:2)
  2 adder zombies (D:4)
  An adder skeleton (D:4)
  2 worms
  A dart slug (D:2)
  A leopard gecko (D:4)
  4 orcs
  A ball python (D:3)
  9 giant cockroaches
  8 goblins
  14 hobgoblins
  14 jackals
  2 quokkas
  12 bats
  6 frilled lizards
  7 kobolds
  2 leopard gecko zombies (D:4)
  12 rats
110 creatures vanquished.

Notes
Turn   | Place    | Note
-------+----------+-------------------------------------------
     0 | D:1      | grindst0ne the Gnoll Skald began the quest for the Orb.
     0 | D:1      | Reached XP level 1. HP: 20/20 MP: 6/6
   231 | D:1      | Reached XP level 2. HP: 23/26 MP: 4/7
   446 | D:1      | Reached skill level 5 in Spellcasting
   446 | D:1      | Reached XP level 3. HP: 16/31 MP: 3/9
  1079 | D:2      | Learned a level 2 spell: Song of Slaying
  1082 | D:2      | Learned a level 2 spell: Shroud of Golubria
  1097 | D:2      | Reached skill level 1 in Invocations
  1153 | D:2      | Reached skill level 1 in Short Blades
  1153 | D:2      | Reached skill level 1 in Long Blades
  1153 | D:2      | Reached skill level 1 in Maces & Flails
  1153 | D:2      | Reached skill level 1 in Polearms
  1153 | D:2      | Reached skill level 1 in Staves
  1153 | D:2      | Reached skill level 1 in Slings
  1153 | D:2      | Reached skill level 1 in Bows
  1153 | D:2      | Reached skill level 1 in Crossbows
  1153 | D:2      | Reached skill level 1 in Throwing
  1153 | D:2      | Reached skill level 1 in Stealth
  1153 | D:2      | Reached skill level 1 in Shields
  1153 | D:2      | Reached skill level 1 in Unarmed Combat
  1153 | D:2      | Reached skill level 1 in Evocations
  1163 | D:2      | Reached XP level 4. HP: 21/38 MP: 0/11
  1939 | D:2      | Reached skill level 1 in Conjurations
  1939 | D:2      | Reached skill level 1 in Hexes
  1939 | D:2      | Reached skill level 1 in Summonings
  1939 | D:2      | Reached skill level 1 in Necromancy
  1939 | D:2      | Reached skill level 1 in Translocations
  1939 | D:2      | Reached skill level 1 in Transmutations
  1939 | D:2      | Reached skill level 1 in Fire Magic
  1939 | D:2      | Reached skill level 1 in Ice Magic
  1939 | D:2      | Reached skill level 1 in Air Magic
  1939 | D:2      | Reached skill level 1 in Earth Magic
  1939 | D:2      | Reached skill level 1 in Poison Magic
  2131 | D:2      | Reached XP level 5. HP: 42/43 MP: 5/12
  2495 | D:3      | Found a hide-covered altar of Uskayaw.
  2495 | D:3      | Noticed a +0 hand axe
  2500 | D:3      | Noticed a +0 dagger
  2739 | D:3      | Found a sparkling altar of Nemelex Xobeh.
  3659 | D:4      | Reached XP level 6. HP: 21/50 MP: 0/13
  3936 | D:4      | Noticed Menkaure
  4087 | D:4      | Reached skill level 5 in Fighting
  4087 | D:4      | Reached skill level 5 in Axes
  4087 | D:4      | Reached skill level 5 in Dodging
  4094 | D:4      | Killed from afar by Menkaure

Illustrated notes

Levels and vault maps discovered:
D:1:      lightli_arrival_windingriver, layout_loops_ring, serial_bayou_pond_b,
          item_on_display_a
D:2:      minmay_general_purpose_star, layout_loops_ring
D:3:      layout_rooms, dancing_weapons_uskayaw, lemuel_doored_altar,
          serial_forest, infiniplex_forest_lined_room_2,
          infiniplex_forest_lined_3, infiniplex_forest_clump_long,
          infiniplex_forest_zigzag_2, infiniplex_forest_clump_double,
          infiniplex_forest_lined_1, infiniplex_forest_end_2,
          minmay_fractal_squares_diagonal_5
D:4:      layout_loops_ring, kennysheep_mini_moat, serial_undead,
          serial_undead_d, serial_undead_e, serial_undead_c, serial_undead_b,
          serial_undead_c, minmay_quantized, uniq_menkaure

Skill      XL: |  1  2  3  4  5  6 |
---------------+-------------------+-----
Spellcasting   | 5 |  5.3
Invocations    | 1 2 |  2.1
Short Blades   | 1 |  1.9
Long Blades    | 1 |  1.9
Maces & Flails | 1 |  1.9
Polearms       | 1 |  1.9
Staves         | 1 |  1.9
Slings         | 1 |  1.9
Bows           | 1 |  1.9
Crossbows      | 1 |  1.9
Throwing       | 1 |  1.9
Stealth        | 1 |  1.9
Shields        | 1 |  1.9
Unarmed Combat | 1 |  1.9
Evocations     | 1 |  1.9
Conjurations   | 1 |  1.5
Hexes          | 1 |  1.5
Summonings     | 1 |  1.5
Necromancy     | 1 |  1.5
Translocations | 1 |  1.5
Transmutations | 1 |  1.5
Fire Magic     | 1 |  1.5
Ice Magic      | 1 |  1.5
Air Magic      | 1 |  1.5
Earth Magic    | 1 |  1.5
Poison Magic   | 1 |  1.5
Armour         | 3 |  3.2
Fighting       | 5 |  5.0
Axes           | 5 |  5.0
Dodging        | 5 |  5.0
Charms         | |  5.6

Action                   |  1- 3 |  4- 6 || total
-------------------------+-------+-------++-------
Melee: Hand axe          |    86 |   218 ||   304
       Bite              |     4 |    22 ||    26
 Cast: Infusion          |     5 |    13 ||    18
       Song of Slaying   |     2 |    13 ||    15
       Shroud of Golubri |     1 |    13 ||    14
  Use: Potion            |     1 |     3 ||     4
       Scroll            |       |     5 ||     5
 Stab: Sleeping          |       |     4 ||     4
       Distracted        |       |     1 ||     1
  Eat: Chunk             |     1 |     9 ||    10
Armor: Leather armour    |    19 |    60 ||    79
Dodge: Dodged            |    67 |   169 ||   236
Block: Buckler           |       |    42 ||    42
